 Dungeon Crawl Stone Soup version 0.25-a0-429-g4e4398398a (webtiles) character file.

Game seed: 399314381130944174, levelgen mode: deterministic

46667 digijack the Cleaver (level 14, -9/132 HPs)
             Began as a Hill Orc Fighter on Jan 25, 2020.
             Was an Elder of Beogh.
             Killed from afar by a raiju (18 damage)
             ... with a living lightning
             ... on level 3 of the Abyss.
             The game lasted 01:28:20 (17751 turns).

digijack the Cleaver (Hill Orc Fighter)            Turns: 17751, Time: 01:28:20

Health: -9/132     AC: 15    Str: 28    XL:     14   Next: 38%
Magic:  19/22      EV: 15    Int:  8    God:    Beogh [****..]
Gold:   1791       SH: 14    Dex: 15    Spells: 13/13 levels left

rFire    + + .     SeeInvis +   o - +7 war axe of Peril {vorpal, rF++}
rCold    + . .     Gourm    .   c - +0 shield
rNeg     . . .     Faith    .   L - +3 scale mail of Fashionability {+Blink rC- Str+4 Stlth+}
rPois    .         Spirit   .   x - +0 hat
rElec    .         Reflect  .   J - scarf {repulsion}
rCorr    .         Harm     .   h - +1 pair of gloves
MR       +....     Clarity  +   (no boots)
Stlth    +++.......             (no amulet)
HPRegen  0.32/turn              z - ring of see invisible
MPRegen  0.18/turn              E - ring of protection from cold

@: agile, about to teleport, repel missiles
A: antennae 1, clarity, cold resistance 1, sturdy frame 1
a: Smiting, Recall Orcish Followers, Renounce Religion, Evoke Blink


You were on level 3 of the Abyss.
You worshipped Beogh.
Beogh was greatly pleased with you.
You were not hungry.

You visited 3 branches of the dungeon, and saw 14 of its levels.
You visited the Abyss 1 time.
You also visited: Sewer and Ice Cave.

You collected 1791 gold pieces.

Inventory:

Hand Weapons
 o - the +7 war axe of Peril (weapon) {vorpal, rF++}
   (You found it on level 4 of the Dungeon)

   It inflicts extra damage upon your enemies.
   It greatly protects you from fire.
 u - a +2 glaive of protection
 D - a +1 scimitar of flaming
Missiles
 g - 356 stones
 B - 21 boomerangs (quivered)
Armour
 c - a +0 shield (worn)
 h - a +1 pair of gloves (worn)
 x - a +0 hat (worn)
 J - a scarf of repulsion (worn)
 L - the +3 scale mail of Fashionability (worn) {+Blink rC- Str+4 Stlth+}
   (You found it in an ice cave)

   It affects your strength (+4).
   It makes you vulnerable to cold.
   It lets you blink.
   It makes you more stealthy.
   If you remove this armour, your AC will fall 13 points (15 -> 2)
Jewellery
 r - an uncursed ring of positive energy
 y - an uncursed ring of protection from fire
 z - a ring of see invisible (left hand)
 E - a ring of protection from cold (right hand)
 F - a +4 ring of dexterity
 K - an uncursed ring of ice
Wands
 b - a wand of polymorph (15)
 k - a wand of flame (14)
 q - a wand of paralysis (22)
 t - a wand of clouds (6)
 w - a wand of iceblast (16)
 I - a wand of enslavement (12)
Scrolls
 a - a scroll of enchant armour
 d - 2 scrolls of enchant weapon
 i - 5 scrolls of remove curse
 s - 4 scrolls of identify
 v - 4 scrolls of fog
 C - 2 scrolls of fear
 G - a scroll of amnesia
Potions
 e - 8 potions of haste
 m - 7 potions of brilliance
 n - 2 potions of curing
 p - 4 potions of flight
Miscellaneous
 N - a phantom mirror
Comestibles
 f - 25 rations


   Skills:
 + Level 14.0 Fighting
 + Level 14.8 Axes
 + Level 13.0 Armour
 + Level 12.9 Shields
 + Level 10.7 Invocations


You had 13 spell levels left.
You didn't know any spells.
Your spell library contained the following spells:

 Spells                   Type           Power        Failure   Level  Hunger
 Shock                    Conj/Air       #...         63%         1    ##.....
 Swiftness                Chrm/Air       #.......     77%         2    ###....
 Static Discharge         Conj/Air       #.......     94%         3    ####...
 Airstrike                Air            #.........   100%        4    #####..
 Lightning Bolt           Conj/Air       #.........   100%        5    ######.


Dungeon Overview and Level Annotations

Branches:
Dungeon (11/15)              Lair (0/6) D:8             Orc (2/2) D:10
    Elf (1/3) Orc:2         Sewer (visited)           IceCv (visited)
 Temple: D:4-7

Altars:
Kikubaaqudgha
Okawaru
Vehumet
Wu Jian
Xom
Zin
The Shining One
Beogh

Shops:
D:10 (   Orc:2 }!((   Elf:1 (%

Annotations:
D:11 Nergalle


Innate Abilities, Weirdness & Mutations

You have a pair of small antennae on your head.
You possess an exceptional clarity of mind.
Your flesh is cold resistant. (rC+)
Your movements are slightly less encumbered by armour. (ER -2)


Message History

You slash the green death!
You kill the green death!
Beogh accepts your kill.
Your Armour skill increases to level 13!
A large abomination comes into view.
The ynoxinul gestures.
A small abomination comes into view.
You block the raiju's attack.
You block the small abomination's attack.
You barely miss the small abomination.
The small abomination is almost destroyed.
You feel agile all of a sudden. The small abomination hits you!
* * * LOW HITPOINT WARNING * * *
The raiju bursts into living lightning!
The living lightning hits the small abomination!
The small abomination is destroyed!
Your Fighting skill increases to level 14!
The living lightning hits you!!
You die...

#..#..
#.... .
##....
'.5. . #{
. .
###{3#
#@#{x#{
###.##X#
#.h##{##
#.#.h#.##
###.....#
# # x...#
#...###
..##
..X#.


You could see a raiju.

Vanquished Creatures
  A lich (Abyss:2)
  A white draconian (IceCv)
  A green death (Abyss:3)
  A rakshasa (Abyss:2)
  Erolcha (D:9)
  3 two-headed ogres
  2 ogre magi (Orc:2)
  A dancing weapon (Elf:1)
  2 deep elf knights (Elf:1)
  Sonja (D:10)
  An unseen horror (D:10)
  A deep elf archer (Elf:1)
  A deep elf mage (Elf:1)
  2 large abominations (Abyss:2)
  3 orc sorcerers (Orc:2)
  A smoke demon (Abyss:2)
  An ice statue (IceCv)
  Maggie (D:6)
  An efreet (Abyss:3)
  2 trolls (Orc:1)
  A queen bee (D:8)
  16 polar bears (IceCv)
  2 hippogriffs
  5 raiju
  2 shadows (D:11)
  An air elemental (Elf:1)
  A water elemental (Elf:1)
  A ynoxinul (Abyss:2)
  28 yaks
  4 hungry ghosts
  A steam dragon (D:9)
  Duvessa (D:5)
  2 wargs (D:8)
  3 water moccasins
  9 orc warriors
  A black bear (D:6)
  A phantom (D:6)
  3 sky beasts
  12 ice beasts
  18 wolves (IceCv)
  10 ogres
  A necrophage (D:6)
  5 centaurs
  A crocodile (D:11)
  2 small abominations (Abyss:2)
  2 big kobolds
  5 bullfrogs
  A gnoll sergeant (D:8)
  Dowan (D:5)
  16 killer bees
  5 wights
  5 howler monkeys
  4 crimson imps
  8 hounds
  2 jellies
  A quasit (D:11)
  A bullfrog zombie (D:11)
  5 orc priests
  A bullfrog skeleton (D:7)
  3 centaur skeletons
  6 iguanas
  19 orc wizards
  7 worker ants
  2 hound zombies
  2 howler monkey zombies
  10 gnolls
  A howler monkey skeleton (D:4)
  10 river rats
  16 adders
  3 shadow imps
  A white imp (Abyss:2)
  An ufetubus (Abyss:2)
  3 oozes
  An adder zombie (D:6)
  8 worms
  6 leopard geckos
  41 orcs
  4 ball pythons
  5 giant cockroaches
  13 goblins
  22 hobgoblins
  10 jackals
  3 quokkas
  8 bats
  5 frilled lizards
  18 kobolds
  11 rats
  2 starspawn tentacles (Abyss:2)
457 creatures vanquished.

Vanquished Creatures (collateral kills)
  Rupert (Orc:2)
  Jorgrun (Orc:2)
  Donald (Orc:2)
  A dancing weapon (Elf:1)
  A two-headed ogre (D:11)
  2 deep elf knights (Elf:1)
  4 deep elf archers (Elf:1)
  3 orc sorcerers (Orc:2)
  9 deep elf magi (Elf:1)
  A cyclops (Orc:2)
  A troll (Orc:2)
  A fire elemental (Elf:1)
  2 wargs (Orc:2)
  4 orc warriors
  3 ogres
  3 earth elementals (Elf:1)
  A killer bee (D:8)
  An orc priest (Orc:2)
  8 orc wizards
  A worker ant (D:11)
  A shadow imp (D:11)
  3 orcs (Orc:2)
53 creatures vanquished.

Vanquished Creatures (others)
  Nergalle (D:11)
  A deep elf mage (Elf:1)
  3 orc warriors (Elf:1)
  A ynoxinul (Abyss:2)
  A yak (IceCv)
  4 orc priests
  A wolf (IceCv)
  2 small abominations
  9 orc wizards
  17 orcs
  A lurking horror (Abyss:2)
  2 starspawn tentacles (Abyss:2)
43 creatures vanquished.

Grand Total: 553 creatures vanquished

Notes
Turn   | Place    | Note
-------+----------+-------------------------------------------
     0 | D:1      | digijack the Hill Orc Fighter began the quest for the Orb.
     0 | D:1      | Reached XP level 1. HP: 19/19 MP: 1/1
    94 | D:1      | Reached XP level 2. HP: 20/27 MP: 2/2
   569 | D:1      | Reached XP level 3. HP: 33/33 MP: 3/3
  1962 | D:2      | Reached XP level 4. HP: 40/40 MP: 4/4
  2356 | D:3      | Reached XP level 5. HP: 47/47 MP: 5/5
  2532 | D:3      | Reached skill level 5 in Fighting
  2532 | D:3      | Reached XP level 6. HP: 37/56 MP: 6/6
  2571 | D:3      | Found a glowing drain.
  2576 | Sewer    | Entered a sewer
  2867 | Sewer    | Reached skill level 5 in Axes
  2867 | Sewer    | Reached skill level 5 in Armour
  2896 | Sewer    | Found a white marble altar of Elyvilon.
  3039 | D:3      | Found a glowing golden altar of the Shining One.
  3433 | D:4      | Reached skill level 5 in Shields
  3433 | D:4      | Reached XP level 7. HP: 55/62 MP: 7/7
  3570 | D:4      | Got an iridescent war axe
  3571 | D:4      | Identified the +7 war axe of Peril {vorpal, rF++} (You
                  | found it on level 4 of the Dungeon)
  4297 | D:5      | Entered Level 5 of the Dungeon
  4346 | D:5      | Noticed Duvessa
  4346 | D:5      | Noticed Dowan
  4353 | D:5      | Killed Dowan
  4367 | D:5      | Killed Duvessa
  4367 | D:5      | Reached XP level 8. HP: 41/71 MP: 8/8
  4946 | D:6      | Found an ornate altar of the Wu Jian Council.
  5366 | D:6      | Noticed Maggie
  5367 | D:6      | Gained mutation: You have a pair of small antennae on your
                  | head. [potion of mutation]
  5367 | D:6      | Gained mutation: Your flesh is cold resistant. (rC+)
                  | [potion of mutation]
  5367 | D:6      | Gained mutation: You possess an exceptional clarity of
                  | mind. [potion of mutation]
  5367 | D:6      | Gained mutation: Your movements are slightly less
                  | encumbered by armour. (ER -2) [potion of mutation]
  5377 | D:6      | Killed Maggie
  5377 | D:6      | Reached XP level 9. HP: 66/81 MP: 9/9
  6247 | D:8      | Became a worshipper of Beogh the Brigand
  6280 | D:8      | Found a staircase to the Lair.
  6366 | D:8      | Reached XP level 10. HP: 87/91 MP: 10/10
  6978 | D:8      | Reached * piety under Beogh
  6993 | D:8      | Reached skill level 10 in Axes
  7368 | D:8      | Found a glowing silver altar of Zin.
  7904 | D:9      | Reached ** piety under Beogh
  7904 | D:9      | Reached skill level 10 in Fighting
  7948 | D:9      | Noticed Erolcha
  7988 | D:9      | Killed Erolcha
  7988 | D:9      | Reached XP level 11. HP: 57/101 MP: 11/11
  8907 | D:10     | Entered Level 10 of the Dungeon
  8907 | D:10     | Found a shimmering altar of Xom.
  8981 | D:10     | Found an iron altar of Okawaru.
  9016 | D:10     | Noticed Sonja
  9018 | D:10     | Paralysed by Sonja for 2 turns
  9026 | D:10     | Killed Sonja
  9026 | D:10     | Reached skill level 10 in Armour
  9026 | D:10     | Reached skill level 1 in Invocations
  9039 | D:10     | Reached skill level 10 in Shields
  9243 | D:10     | Noticed an unseen horror
  9257 | D:10     | Killed an unseen horror
  9290 | D:10     | Noticed a two-headed ogre
  9298 | D:10     | Killed a two-headed ogre
  9416 | D:10     | Found a staircase to the Orcish Mines.
  9589 | D:10     | Found Jugion's Antique Weapon Boutique.
  9828 | D:11     | Found a frozen archway.
  9867 | IceCv    | Entered an ice cave
  9890 | IceCv    | Reached *** piety under Beogh
 10444 | IceCv    | Reached XP level 12. HP: 95/110 MP: 15/15
 10461 | IceCv    | Reached skill level 5 in Invocations
 10982 | IceCv    | Reached **** piety under Beogh
 11303 | IceCv    | Noticed a white draconian
 11336 | IceCv    | Killed a white draconian
 11682 | IceCv    | Identified the +3 scale mail of Fashionability {+Blink rC-
                  | Str+4 Stlth+} (You found it in an ice cave)
 12040 | D:11     | Noticed a two-headed ogre
 12046 | D:11     | Killed a two-headed ogre
 12269 | D:11     | Noticed a two-headed ogre
 12275 | D:11     | Killed a two-headed ogre
 12284 | D:11     | Gained Norbak as an ally
 12426 | D:11     | Noticed Nergalle
 12435 | D:11     | Reached XP level 13. HP: 119/119 MP: 12/18
 12437 | D:11     | Your ally died
 12783 | Orc:1    | Entered Level 1 of the Orcish Mines
 13437 | Orc:2    | Entered Level 2 of the Orcish Mines
 13687 | Orc:2    | Found a staircase to the Elven Halls.
 13699 | Orc:2    | Noticed Jorgrun
 13709 | Orc:2    | Killed Jorgrun
 14345 | Orc:2    | Noticed Rupert
 14346 | Orc:2    | Paralysed by Rupert for 4 turns
 14362 | Orc:2    | Killed Rupert
 14711 | Orc:2    | Noticed Donald
 14726 | Orc:2    | Killed Donald
 15163 | Orc:2    | Found Uczin's Antique Weapon Emporium.
 15191 | Orc:2    | Found an ancient bone altar of Kikubaaqudgha.
 15201 | Orc:2    | Paralysed by an orc sorcerer for 6 turns
 15207 | Orc:2    | Gained Orik as an ally
 15209 | Orc:2    | Found Xaubeab's Antique Weapon Emporium.
 15466 | Orc:2    | Found Lux Otonal's Gadget Shoppe.
 15468 | Orc:2    | Found a roughly hewn altar of Beogh.
 15471 | Orc:2    | Found Gueqaul's Distillery.
 15895 | Orc:2    | Found a radiant altar of Vehumet.
 16127 | Elf:1    | Entered Level 1 of the Elven Halls
 16237 | Elf:1    | Reached skill level 10 in Invocations
 16252 | Elf:1    | Reached ***** piety under Beogh
 16589 | Elf:1    | Reached XP level 14. HP: 112/129 MP: 21/21
 17077 | Elf:1    | Found Wezxil's Antique Weapon Boutique.
 17082 | Elf:1    | Found Wezil's Food Boutique.
 17082 | Elf:1    | Noticed a deep elf sorcerer
 17086 | Elf:1    | Cast into level 2 of the Abyss (a deep elf sorcerer)
 17188 | Abyss:2  | Noticed a lich
 17200 | Abyss:2  | Killed a lich
 17297 | Abyss:2  | Noticed a tentacled starspawn
 17437 | Abyss:3  | Found a corrupted altar of Lugonu.
 17565 | Abyss:3  | Found a corrupted altar of Lugonu.
 17729 | Abyss:3  | Found a corrupted altar of Lugonu.
 17730 | Abyss:3  | Noticed a starcursed mass
 17751 | Abyss:3  | Killed from afar by a raiju

Levels and vault maps discovered:
D:1:      kilobyte_arrival_exit_the_forest, layout_basic
D:2:      layout_loops_ring
D:3:      layout_basic, lightli_sewer_entry_pipes, lemuel_tele_altar
D:4:      corexii_shantytown, layout_rooms, first_ration
D:5:      layout_basic, old_standard_altar, minmay_temple_entry_mini_moons,
          uniq_duvessa
D:6:      layout_loops_corners, basic_altar, uniq_maggie
D:7:      layout_loops_cross
D:8:      layout_basic, erik_lair_orcish_takeover, basic_altar, david_nohive_1,
          hangedman_decor_lopped, kennysheep_generic_room_14
D:9:      layout_irregular_city, uniq_erolcha
D:10:     layout_loops_ring, orc_0_dummy, serial_shops, kennysheep_mini,
          basic_altar, okawaru_trees_2, uniq_sonja
D:11:     layout_long_grid, gauntlet_entry_generic,
          portal_ice_cave_entry_ice_beasts, uniq_nergalle
Orc:1:    layout_diamond_mine, trog_book
Orc:2:    kennysheep_orc_mage_school, layout_caves, uniq_rupert, uniq_donald,
          uniq_jorgrun
Elf:1:    elf_arrival_002, layout_loops_corners,
          nicolae_trove_entry_path_of_doom, kennysheep_underground_church,
          hex_tiny, minmay_shop_star
Abyss:3:  base:
Vaults:1

Skill      XL: |  1  2  3  4  5  6  7  8  9 10 11 12 13 14 |
---------------+-------------------------------------------+-----
Axes           | 3 4 5 6 8 9 11 12 13 14 | 14.8
Fighting       | 4 5 6 7 9 10 11 12 13 14 | 14.0
Armour         | 4 5 6 7 8 9 10 11 12 13 | 13.0
Shields        | 4 5 7 8 9 10 11 12 | 12.9
Invocations    | 4 7 10 | 10.7

Action                   |  1- 3 |  4- 6 |  7- 9 | 10-12 | 13-15 || total
-------------------------+-------+-------+-------+-------+-------++-------
Melee: War axe           |   105 |   235 |   282 |   591 |   259 ||  1472
Throw: Boomerang         |       |       |     1 |       |       ||     1
Invok: Convert to Beogh  |       |       |     1 |       |       ||     1
       Smiting           |       |       |       |     5 |     6 ||    11
       Recall Orcish Fol |       |       |       |       |     6 ||     6
       Give Item to Name |       |       |       |       |     2 ||     2
 Abil: Evoke Blink       |       |       |       |       |     2 ||     2
Evoke: Wand              |       |       |       |       |     1 ||     1
  Use: Scroll            |     4 |     5 |     8 |     5 |     3 ||    25
       Potion            |       |     7 |     5 |    11 |     3 ||    26
 Stab: Distracted        |       |       |       |     1 |     2 ||     3
  Eat: Chunk             |     3 |     2 |    11 |    13 |    11 ||    40
       Ration            |       |     1 |     1 |     2 |     2 ||     6
Armor: Scale mail        |    31 |   121 |   103 |    16 |    58 ||   329
       Skin              |       |       |     2 |       |       ||     2
       Plate armour      |       |       |       |   301 |       ||   301
Dodge: Dodged            |    25 |    98 |    93 |   165 |    51 ||   432
       Deflected         |       |       |       |       |     4 ||     4
Block: Shield            |    51 |   162 |   133 |   368 |   102 ||   816

Table legend:
 A = Non-vault XP
 B = Vault XP
 C = Vault XP percentage of total XP
 D = Non-vault monster count
 E = Vault monster count
 F = Vault count percentage of total count
                 A         B        C        D         E       F
            +---------+---------+-------+---------+---------+-------
      Total |   37878 |   28790 |  43.2 |     338 |     175 |  34.1
            +---------+---------+-------+---------+---------+-------
        D:1 |      42 |       0 |   0.0 |      20 |       0 |   0.0
        D:2 |      56 |       0 |   0.0 |      18 |       0 |   0.0
        D:3 |     156 |     135 |  46.4 |      29 |      16 |  35.6
        D:4 |     381 |      76 |  16.6 |      16 |      30 |  65.2
        D:5 |     211 |     223 |  51.4 |       6 |       2 |  25.0
        D:6 |     940 |     395 |  29.6 |      19 |       1 |   5.0
        D:7 |     615 |       0 |   0.0 |      23 |       0 |   0.0
        D:8 |    1870 |    1704 |  47.7 |      29 |      22 |  43.1
        D:9 |    2535 |     985 |  28.0 |      40 |       1 |   2.4
       D:10 |    3420 |     807 |  19.1 |      25 |       1 |   3.8
       D:11 |    5905 |    1040 |  15.0 |      40 |       8 |  16.7
      Orc:1 |    1142 |       0 |   0.0 |      12 |       0 |   0.0
      Orc:2 |    2542 |   10254 |  80.1 |      18 |      23 |  56.1
      Elf:1 |    8717 |    1426 |  14.1 |      23 |       5 |  17.9
    Abyss:2 |    7521 |       0 |   0.0 |      16 |       0 |   0.0
    Abyss:3 |    1825 |       0 |   0.0 |       4 |       0 |   0.0
      Sewer |       0 |     173 | 100.0 |       0 |      13 | 100.0
      IceCv |       0 |   11572 | 100.0 |       0 |      53 | 100.0
            +---------+---------+-------+---------+---------+-------
